 Dungeon Crawl Stone Soup version 0.29.1-1-gd02db6906a (webtiles) character file.

Game seed: 15808831800785331991

326 Doomgape the Ruffian (level 6, 0/47 HPs)
             Began as a Minotaur Transmuter on Sept 17, 2022.
             Succumbed to a kobold brigand's curare-tipped dart
             ... on level 5 of the Dungeon.
             The game lasted 00:07:54 (4363 turns).

Doomgape the Ruffian (Minotaur Transmuter)          Turns: 4363, Time: 00:07:55

Health: 0/47       AC:  2    Str: 16    XL:     6   Next: 24%
Magic:  8/8        EV: 12    Int: 10    God:
Gold:   311        SH:  0    Dex: 17    Spells: 4/9 levels left

rFire   . . .      SeeInvis .     - Unarmed
rCold   . . .      Faith    .   (no shield)
rNeg    . . .      Spirit   .   a - +0 robe
rPois   .          Reflect  .   (helmet currently unavailable)
rElec   .          Harm     .   (no cloak)
rCorr   .          Rampage  .   (no gloves)
Will    .....                   (boots currently unavailable)
Stlth   ++........              (no amulet)
HPRegen 0.15/turn               m - +6 ring of dexterity
MPRegen 0.11/turn               f - ring of wizardry

@: lethally poisoned (0 -> -25), appendages (expiring), slowed, invisible, very
slow
A: talons 2, horns 2, retaliatory headbutt
a: End Transformation


You were on level 5 of the Dungeon.
You had temporarily grown beastly talons.
You visited 1 branch of the dungeon, and saw 5 of its levels.

You collected 311 gold pieces.

Inventory:

Armour
 a - a +0 robe (worn)
Jewellery
 f - a ring of wizardry (right hand)
 j - a ring of magical power
 m - a +6 ring of dexterity (left hand)
 s - a ring of resist corrosion
Wands
 i - a wand of quicksilver (2)
 l - a wand of flame (6)
 r - a wand of polymorph (10)
Scrolls
 o - a scroll of amnesia
 p - a scroll of teleportation
 q - a scroll of identify {unknown}
Potions
 b - 3 potions of lignification
 c - a potion of brilliance {unknown}
 d - 4 potions of invisibility
 e - 3 potions of curing {unknown}
 g - a potion of mutation {unknown}
 h - a potion of degeneration {unknown}
 k - a potion of flight {unknown}
 n - 2 potions of haste {unknown}


   Skills:
 - Level 1.2 Fighting
 - Level 2.1 Dodging
 - Level 6.1 Unarmed Combat
 + Level 2.4 Spellcasting
 + Level 2.9 Transmutations


You had 4 spell levels left.
You knew the following spells:

 Your Spells              Type           Power      Damage    Failure   Level
a - Beastly Appendage     Tmut           14%        N/A       3%          1
b - Ice Form              Ice/Tmut       4%         N/A       52%         4

Your spell library contained the following spells:

 Spells                   Type           Power      Damage    Failure   Level
 Wereblood                Tmut           7%         N/A       6%          2
 Spider Form              Tmut/Pois      4%         N/A       21%         3


Dungeon Overview and Level Annotations

Branches:
Dungeon (5/15)
 Temple: D:4-7

Altars:
Nemelex Xobeh
Yredelemnul

Shops:
D:2 (

Annotations:
D:3 2 transporters, cariele's ghost, weakling PaBe


Innate Abilities, Weirdness & Mutations

You have temporarily grown beastly talons.
You have a pair of horns on your head.
You reflexively headbutt those who attack you in melee.


Message History

You headbutt the kobold brigand. The kobold barely misses you.
You hit the kobold brigand.
The kobold brigand is moderately wounded.
You feel sick.
The kobold brigand hits you with a +0 short sword.
The kobold brigand hits you with a +0 short sword!
You miss the kobold brigand. You claw the kobold brigand!
The kobold brigand is heavily wounded.
You feel sick.
You are no longer poisoned.
The kobold brigand misses you. The kobold brigand closely misses you.
You closely miss the kobold brigand. You claw the kobold brigand.
Your headbutt misses the kobold brigand.
The kobold brigand is heavily wounded.
The kobold brigand barely misses you. You furiously retaliate!
You headbutt the kobold brigand. The kobold brigand misses you.
The kobold brigand hits you with a +0 short sword.
You closely miss the kobold brigand. You claw the kobold brigand.
The kobold brigand is severely wounded.
The kobold brigand hits you with a +0 short sword.
The kobold brigand closely misses you. You furiously retaliate!
You headbutt the kobold brigand!
The kobold brigand hits you with a +0 dagger!
* * * LOW HITPOINT WARNING * * *
Your transformation is almost over.
The kobold brigand throws a curare-tipped dart.
The curare-tipped dart misses you.
The kobold brigand throws a poisoned dart.
The poisoned dart hits you!
You are poisoned.
The kobold brigand throws a curare-tipped dart.
The curare-tipped dart hits you.
You are lethally poisoned!
You have difficulty breathing.
* * * LOW HITPOINT WARNING * * *
You feel yourself slow down.
Unknown command.
It was a potion of invisibility.
You fade into invisibility!
You die...

##########
#........#########
#.##.............#
#.##.###..###.##.######
#.##.###..# #.#........
#........<# #......#
####.####.#####...##
#.##..........##
#....#.######@#
####...# ###.### ##.##
#.KKK.# #.# ##'KK##
###.# #...# ##.#.#
..... #####....###
.......
........<..##.......#
.####....#.##.......#


You could see 3 kobold brigands and 2 kobolds.

Vanquished Creatures
  Duvessa (D:4)
  Dowan (D:4)
  A hound (D:4)
  An iguana (D:4)
  Robin (D:4)
  An adder (D:4)
  2 ufetubi
  A worm (D:2)
  2 dart slugs
  2 orcs
  6 ball pythons
  6 endoplasms
  6 giant cockroaches
  13 goblins
  11 hobgoblins
  3 quokkas
  4 bats
  4 frilled lizards
  5 kobolds
  9 rats
80 creatures vanquished.

Vanquished Creatures (others)
  6 plants (D:3)
6 creatures vanquished.

Grand Total: 86 creatures vanquished

Notes
Turn   | Place    | Note
-------+----------+-------------------------------------------
     0 | D:1      | Doomgape the Minotaur Transmuter began the quest for the
                  | Orb.
     0 | D:1      | Reached XP level 1. HP: 16/16 MP: 1/1
   347 | D:1      | Reached XP level 2. HP: 14/23 MP: 3/3
   351 | D:1      | Reached skill level 4 in Unarmed Combat
   939 | D:1      | Reached XP level 3. HP: 28/28 MP: 4/4
  1146 | D:2      | Found Mipeuju's Weapon Emporium.
  1334 | D:2      | Found a sparkling altar of Nemelex Xobeh.
  1441 | D:2      | Reached skill level 5 in Unarmed Combat
  1782 | D:3      | Found a transporter.
  1795 | D:3      | Noticed cariele's ghost (weakling PaBe)
  1982 | D:3      | Found a faded altar of an unknown god.
  2110 | D:3      | Found a transporter.
  2408 | D:3      | Reached XP level 4. HP: 35/35 MP: 5/5
  2915 | D:4      | Reached skill level 6 in Unarmed Combat
  3217 | D:4      | Noticed Duvessa
  3217 | D:4      | Noticed Dowan
  3223 | D:4      | Killed Duvessa
  3224 | D:4      | Reached XP level 5. HP: 40/40 MP: 7/7
  3230 | D:4      | Killed Dowan
  3231 | D:4      | Reached XP level 6. HP: 9/47 MP: 8/8
  3632 | D:4      | Noticed Robin
  3759 | D:4      | Killed Robin
  3941 | D:4      | Learned a level 4 spell: Ice Form
  3988 | D:4      | Found a basalt altar of Yredelemnul.
  4247 | D:5      | Entered Level 5 of the Dungeon
  4363 | D:5      | Succumbed to a kobold brigand's curare-tipped dart

Illustrated notes

Levels and vault maps discovered:
D:1:      elethiomel_arrival_infinity_welcomes_careful_drivers, layout_rooms
D:2:      layout_rooms, basic_altar, serial_shops, shop,
          kennysheep_generic_room_4
D:3:      layout_basic, shapermc_ecumenical_altar_pompeii,
          gammafunk_ghost_gnarly_gnolls
D:4:      layout_cave_pools, mainiacjoe_overflow_alcove_4, uniq_duvessa,
          uniq_robin
D:5:      cheibrodos_fertilizer, layout_loops_corners, dreamdust_wishing_well

Skill      XL: |  1  2  3  4 |
---------------+-------------+-----
Unarmed Combat | 4 5 6 |  6.1
Spellcasting   | 2 |  2.4
Transmutations | 2 |  2.9
Fighting       | |  1.2
Dodging        | |  2.1

Action                   |  1- 3 |  4- 6 || total
-------------------------+-------+-------++-------
Melee: Unarmed           |   102 |    66 ||   168
       Headbutt          |    16 |    10 ||    26
       Punch             |     3 |     6 ||     9
       Kick              |       |    11 ||    11
 Cast: Beastly Appendage |     1 |    10 ||    11
Evoke: Wand              |       |     6 ||     6
  Use: Scroll            |     6 |       ||     6
       Potion            |       |     1 ||     1
Armor: Robe              |    24 |     8 ||    32
Dodge: Dodged            |    68 |    46 ||   114
